AoeStats
← So sad

Nomad

505721925Analyzed
3v3 RM · 21d ago on Sep 10, 2026· 34m 21s· 6 players
Game mode
Random Map
Map size
210×210
Population
200
Speed
Normal
Resources
Standard
Victory
Conquest
Starting age
Dark Age
Ending age
Imperial Age
RankedLock teamsTeams togetherTeam positionsShared explorationLock speedFull tech treeHidden civsTurbo modeCheats
Victory
Defeat
🇺🇦 Sicilians · Ukraine
1346
+14
🇧🇾 Shu · Belarus
1338
+14
🇧🇾 Berbers · Belarus
1329
+14
🇬🇧 Spanish · United Kingdom
1323
-15
🇬🇧 Vietnamese · United Kingdom
1303
-14
🇬🇧 Italians · United Kingdom
1264
-13
PIP.doed
5:53 Loom
12:52 Feudal Age
14:10 Town Watch
20:02 Castle Age
18:01 Fletching
18:23 Gold Mining
18:48 Padded Archer Armor
18:57 Horse Collar
19:09 Arson
20:11 Crossbowman
24:55 Bodkin Arrow
27:08 Leather Archer Armor
27:40 Double-Bit Axe
applet
6:15 Loom
13:33 Feudal Age
18:36 Castle Age
17:27 Fletching
17:37 Double-Bit Axe
18:40 Crossbowman
20:26 Bodkin Arrow
24:02 Padded Archer Armor
26:16 Wheelbarrow
30:54 Scale Barding Armor
sguu
4:10 Loom
13:20 Feudal Age
17:23 Castle Age
15:58 Town Watch
18:13 Double-Bit Axe
18:53 Gold Mining
32:01 Horse Collar
36:43 Imperial Age
34:27 Scale Barding Armor
HURMA
9:53 Loom
13:41 Feudal Age
14:18 Double-Bit Axe
14:18 Fishing Lines
18:22 Castle Age
19:55 Wheelbarrow
19:56 Bow Saw
20:30 Stone Mining
21:00 Gillnets
21:43 Town Watch
22:26 Padded Archer Armor
22:16 Fletching
23:21 Elite Skirmisher
26:10 Leather Archer Armor
26:43 Ballistics
27:38 Thumb Ring
29:33 Bloodlines
29:24 Husbandry
30:14 Hand Cart
29:59 Bodkin Arrow
30:39 Gold Mining
31:25 Stone Shaft Mining
32:37 Gold Shaft Mining
So sad
11:26 Loom
14:19 Feudal Age
14:52 Fishing Lines
15:39 Town Watch
19:00 Castle Age
17:09 Double-Bit Axe
17:27 Stone Mining
21:13 Fletching
21:24 Padded Archer Armor
22:24 Thumb Ring
23:29 Bodkin Arrow
23:03 Crossbowman
24:05 Gold Mining
25:43 Elite Skirmisher
33:44 Husbandry
34:09 Leather Archer Armor
35:26 Wheelbarrow
NiL
9:07 Loom
12:34 Feudal Age
14:55 Double-Bit Axe
15:54 Fishing Lines
22:37 Castle Age
22:04 Horse Collar
22:53 Bloodlines
24:19 Scale Barding Armor
25:22 Chain Barding Armor
25:16 Gold Mining
26:14 Husbandry
28:37 Forging
Connection lost

Rejoining the realm…

Still unreachable

The connection could not be restored.

Session expired

The server has moved on; the page needs a fresh start.